 Dungeon Crawl Stone Soup version 0.31-a0-149-g3fdcc5976a (webtiles) character file.

Game seed: 458536485596801652

24 qw the Shooter (level 2, 0/26 HPs)
             Began as a Minotaur Hunter on June 7, 2023.
             Slain by Natasha (11 damage)
             ... on level 2 of the Dungeon.
             The game lasted 00:00:20 (1171 turns).

qw the Shooter (Minotaur Hunter)                    Turns: 1171, Time: 00:00:20

Health: 0/26       AC:  4    Str: 15    XL:     2   Next: 79%
Magic:  1/1        EV: 12    Int:  6    God:
Gold:   61         SH:  0    Dex: 13    Spells: 1/1 levels left

rFire   . . .        Y - +0 shortbow
rCold   . . .        (shield currently unavailable)
rNeg    . . .        c - +0 leather armour
rPois   .            (helmet restricted)
rElec   .            (no cloak)
rCorr   .            e - +0 pair of gloves
SInv    .            (no boots)
Will    .....        (no amulet)
Stlth   +            (no ring)
HPRegen 0.24/turn    (no ring)
MPRegen 0.07/turn

%: no passive effects
@: no status effects
A: horns 2, retaliatory headbutt
a: no special abilities


You were on level 2 of the Dungeon.
You visited 1 branch of the dungeon, and saw 2 of its levels.

You collected 61 gold pieces.


Innate Abilities, Weirdness & Mutations

You have a pair of horns on your head.
You reflexively headbutt those who attack you in melee.


   Skills:
 - Level 3.0 Fighting
 + Level 5.1 Ranged Weapons
 - Level 2.1 Dodging
 - Level 0.7 Stealth


You had one spell level left.
You didn't know any spells.
Your spell library was empty.

Inventory:

Hand Weapons
 Y - a +0 shortbow (weapon)
Armour
 c - a +0 leather armour (worn)
 d - a +0 ring mail
 e - a +0 pair of gloves (worn)
Scrolls
 a - 3 scrolls of teleportation {unknown}
 b - 2 scrolls of identify
Potions
 j - a potion of attraction {unknown}

Dungeon Overview and Level Annotations

Branches:
Dungeon (2/15)

Altars:

Annotations:
D:2 Natasha


Message History

Enter note: You shoot an arrow.
The arrow hits the endoplasm.
The endoplasm quivers.
The endoplasm is heavily wounded.
You shoot an arrow.
The arrow hits the endoplasm but does no damage.
The endoplasm is heavily wounded.
You shoot an arrow. The arrow hits the endoplasm.
You kill the endoplasm!
Found a stone staircase leading up.
Enter note:
Enter note:
Found a stone staircase leading down.
Enter note:
Enter note: Natasha and a giant cockroach come into view.
Enter note:
Enter note: You shoot an arrow.
The arrow hits Natasha but does no damage.
Natasha hisses angrily.
You shoot an arrow.
The arrow barely misses the giant cockroach.
1165 ||| Stepping ~*~*~tactically~*~*~ (outnumbered).
You shoot an arrow. The arrow hits the giant cockroach!
You kill the giant cockroach!
You shoot an arrow. The arrow hits Natasha.
Natasha is moderately wounded.
Natasha drinks a potion.
Natasha seems to grow stronger.
You shoot an arrow. The arrow closely misses Natasha.
Natasha claws you!
You shoot an arrow. The arrow hits Natasha!
Natasha is almost dead.
Natasha casts a spell at you. The magic dart hits you!
You shoot an arrow. The arrow barely misses Natasha.
Natasha claws you but does no damage.
You shoot an arrow. The arrow closely misses Natasha.
Natasha claws you!
You die...

####....###...#..###
...####.#........## ##.#
#...####..>.# ##.##
#..## #.#.# ..
....###.### .....#...
....)#....######.##.....
...................h....
##...........###h#
####...###.....#@#
#....### #...#...#
..##....####.....#
.######.# ##....# ## .#
#....# # ##...# ##..###
#....# ##...#


You could see Natasha (strong).

Vanquished Creatures
  A worm (D:1)
  5 ball pythons (D:1)
  A bat (D:2)
  2 endoplasms (D:2)
  A giant cockroach (D:2)
  3 hobgoblins
  2 jackals (D:2)
  A frilled lizard (D:1)
  2 kobolds
  A rat (D:1)
19 creatures vanquished.

Notes
Turn   | Place    | Note
-------+----------+-------------------------------------------
     0 | D:1      | qw the Minotaur Hunter began the quest for the Orb.
     0 | D:1      | Reached XP level 1. HP: 18/18 MP: 0/0
     0 | D:1      | 0 ||| qw: Version: 0.2-a-117-gc6b5c8b
     0 | D:1      | 0 ||| qw: Game counter: 2621
     0 | D:1      | 0 ||| qw: Always use a shield: true
     0 | D:1      | 0 ||| qw: God list: Okawaru
     0 | D:1      | 0 ||| qw: Allow faded altars: false
     0 | D:1      | 0 ||| qw: Do Orc after D:15 true
     0 | D:1      | 0 ||| qw: Do second Lair branch before Depths: true
     0 | D:1      | 0 ||| qw: Lair rune preference: random
     0 | D:1      | 0 ||| qw: Plans: Normal
     0 | D:1      | 0 ||| PLANNING D:1-11
     2 | D:1      | Noticed a vampire
     2 | D:1      | Noticed a meteoran
     4 | D:1      | Noticed an armataur
     4 | D:1      | Noticed a human
     6 | D:1      | Noticed a troll
     6 | D:1      | Noticed a demigod
     8 | D:1      | Noticed a formicid
     8 | D:1      | Noticed a draconian
    10 | D:1      | Noticed an ogre
    10 | D:1      | Noticed a merfolk
    12 | D:1      | Noticed an elf
    14 | D:1      | Noticed a ghoul
    16 | D:1      | Noticed an octopode
    16 | D:1      | Noticed a felid
    18 | D:1      | Noticed a spriggan
    18 | D:1      | Noticed a gargoyle
    20 | D:1      | Noticed a naga
    22 | D:1      | Noticed a demonspawn
    22 | D:1      | Noticed a minotaur
    24 | D:1      | Noticed a naga
    24 | D:1      | Noticed a tengu
    26 | D:1      | Noticed a ghoul
   480 | D:1      | Reached XP level 2. HP: 25/25 MP: 1/1
   724 | D:1      | Found a faded altar of an unknown god.
   770 | D:1      | 770 ||| UPGRADING to +0 pair of gloves.
   775 | D:1      | 775 ||| READING scroll labelled WYUD IJEGITEVA.
   776 | D:1      | 776 ||| READING scroll labelled ZACUSI VAVVA.
   777 | D:1      | 777 ||| READING scroll labelled IJOOLI QIYTEA.
   778 | D:1      | 778 ||| READING scroll labelled ULIONE UPNAOT.
   779 | D:1      | 779 ||| READING 2 scrolls labelled SAITSA PUITT.
   780 | D:1      | 780 ||| DROPPING scroll of butterflies.
   781 | D:1      | 781 ||| DROPPING scroll of fear.
   811 | D:2      | Reached skill level 5 in Ranged Weapons
   818 | D:2      | 818 ||| STAIRDANCE
   821 | D:1      | HP: 5/25 [worm (6)]
   822 | D:1      | HP: 1/25 [worm (4)]
  1101 | D:2      | Reached skill level 3 in Fighting
  1162 | D:2      | Noticed Natasha
  1165 | D:2      | 1165 ||| Stepping ~*~*~tactically~*~*~ (outnumbered).
  1171 | D:2      | Slain by Natasha

Levels and vault maps discovered:
D:1:      kb_arrival_jail, layout_basic, shapermc_ecumenical_altar_pompeii
D:2:      layout_rooms, basic_altar, uniq_natasha

Skill      XL: |  1  2 |
---------------+-------+-----
Ranged Weapons | 5 |  5.1
Fighting       | 3 |  3.0
Dodging        | |  2.1
Stealth        | |  0.7

Action                     || total
---------------------------++-------
   Fire: Shortbow          ||    64
    Use: Scroll            ||     5
 Armour: Leather armour    ||     7
  Dodge: Dodged            ||    16

Table legend:
 A = Non-vault XP
 B = Vault XP
 C = Vault XP percentage of total XP
 D = Non-vault monster count
 E = Vault monster count
 F = Vault count percentage of total count
                 A         B        C        D         E       F
            +---------+---------+-------+---------+---------+-------
      Total |      35 |       0 |   0.0 |      19 |       0 |   0.0
            +---------+---------+-------+---------+---------+-------
        D:1 |      17 |       0 |   0.0 |      10 |       0 |   0.0
        D:2 |      18 |       0 |   0.0 |       9 |       0 |   0.0
            +---------+---------+-------+---------+---------+-------
